 Dungeon Crawl Stone Soup version 0.23.2 (webtiles) character file.

Game seed: 14314912359277070904

8499 OdinFK the Zephyrmancer (level 11, 0/59 HPs)
             Began as a Tengu Air Elementalist on Apr 7, 2019.
             Was an Elder of Vehumet.
             Slain by a red ugly thing (6 damage)
             ... on level 11 of the Dungeon on Apr 8, 2019.
             The game lasted 01:09:35 (11442 turns).

OdinFK the Zephyrmancer (Tengu Air Elementalist)   Turns: 11442, Time: 01:09:36

Health: 0/59       AC:  7    Str:  9    XL:     11   Next: 31%
Magic:  26/26      EV: 17    Int: 18    God:    Vehumet [****..]
Gold:   472        SH:  0    Dex: 15    Spells: 15/31 levels left

rFire    . . .     SeeInvis .   x - +2 dagger (flame)
rCold    + . .     Gourm    .   (no shield)
rNeg     . . .     Faith    +   a - +2 robe
rPois    .         Spirit   .   (helmet restricted)
rElec    .         Reflect  .   (no cloak)
rCorr    +         Harm     .   n - +2 pair of gloves
MR       .....                  (boots unavailable)
Stlth    ++........             s - amulet of faith
HPRegen  0.19/turn              d - ring of protection from cold (curse)
MPRegen  0.20/turn              u - ring of resist corrosion

@: flying quickly and evasively, quick
A: beak, talons 3, able to fly
a: Stop Flying, Renounce Religion


You were on level 11 of the Dungeon.
You worshipped Vehumet.
Vehumet was greatly pleased with you.
You were not hungry.

You visited 2 branches of the dungeon, and saw 12 of its levels.

You collected 472 gold pieces.

Inventory:

Hand Weapons
 x - a +2 dagger of flaming (weapon)
Armour
 a - a +2 robe (worn)
 n - a +2 pair of gloves (worn)
Jewellery
 d - a cursed ring of protection from cold (left hand)
 k - an uncursed ring of protection from cold
 s - an amulet of faith (around neck)
 u - a ring of resist corrosion (right hand)
 C - a +6 amulet of reflection {unknown}
Wands
 r - a wand of random effects (6)
 y - a wand of acid (6)
Scrolls
 b - a scroll of fog {unknown}
 h - 10 scrolls of remove curse
 j - 2 scrolls of enchant armour
 l - a scroll of magic mapping {unknown}
 o - a scroll of blinking
 p - 4 scrolls of amnesia
 q - a scroll of immolation {unknown}
 v - 2 scrolls of enchant weapon
Potions
 e - a potion of brilliance
 f - 6 potions of curing
 g - 3 potions of mutation
 m - a potion of magic
 t - 2 potions of might
 w - a potion of heal wounds
 z - a potion of agility {unknown}
 A - a potion of lignification {unknown}
Comestibles
 c - 13 rations


   Skills:
 + Level 2.8 Fighting
 + Level 3.0 Short Blades
 + Level 3.9 Dodging
 - Level 2.0 Stealth
 + Level 10.5 Spellcasting
 * Level 9.3 Conjurations
 + Level 12.6 Air Magic
 + Level 1.3 Evocations


You had 15 spell levels left.
You knew the following spells:

 Your Spells              Type           Power        Failure   Level  Hunger
a - Shock                 Conj/Air       ####         1%          1    None
b - Swiftness             Chrm/Air       ####....     1%          2    None
c - Airstrike             Air            ######....   1%          4    ###....
d - Lightning Bolt        Conj/Air       #####.....   1%          5    #####..
e - Throw Icicle          Conj/Ice       ####....     3%          4    ###....

Your spell library contained the following spells:

 Spells                   Type           Power        Failure   Level  Hunger
 Mephitic Cloud           Conj/Pois/Air  #####...     1%          3    None
 Static Discharge         Conj/Air       #####...     1%          3    None


Dungeon Overview and Level Annotations

Branches:
Dungeon (11/15)            Temple (1/1) D:6
   Lair: D:8-11         Orc: D:9-12

Altars:
Ashenzari
Cheibriados
Dithmenos
Elyvilon
Fedhas
Gozag
Hepliaklqana
Kikubaaqudgha
Makhleb
Nemelex Xobeh
Okawaru
Qazlal
Ru
Sif Muna
Trog
Uskayaw
Vehumet
Wu Jian
Xom
Yredelemnul
Zin
The Shining One

Shops:
D:7 [

Annotations:
D:10 2 transporters, Morbidden's ghost, novice GrFi


Innate Abilities, Weirdness & Mutations

You have a beak for a mouth.
You have claws for feet.
You can fly continuously.


Message History

Your +1 robe glows green for a moment.
As you read the scroll of enchant armour, it crumbles to dust.
Your +0 pair of gloves glows green for a moment.
As you read the scroll of enchant armour, it crumbles to dust.
Your +1 pair of gloves glows green for a moment.
Okay, then.
You fly downwards.
Reactivating autopickup.
The centaur shoots an arrow.
The arrow hits you! The red ugly thing barely misses you.
The centaur unwields a +0 shortbow.
The centaur barely misses you.
The centaur shoots an arrow.
The arrow hits you! The red ugly thing tail-slaps you.
You are engulfed in flames!!
* * * LOW HITPOINT WARNING * * *
There is a stone staircase leading up, spattered with blood here.
You see here 7 arrows.
The centaur closely misses you.
The centaur shoots an arrow.
The arrow hits you!
* * * LOW HITPOINT WARNING * * *
The red ugly thing bites you.
You die...

.## .. ............. .
... ...o.......... .##
....
...o>.........##..##.. .
.....o...[....Y.#....#.#
.............#....#(..#
.. ..... #.o.uc...# ...
#.?# ##.u@...#
..C.#..######..c##..#
#..))....(....##.#
#.#....†[....<...# c#
...............#..# #
...............#..#
...............#....
...[...............#.
.............#..##.. #


You could see 2 ugly things, a centaur warrior, an orc warrior, an ice beast and
2 centaurs.

Vanquished Creatures
  Harold (D:8)
  A two-headed ogre (D:10)
  An ugly thing (D:10)
  2 trolls
  A hippogriff (D:9)
  3 hogs (D:7)
  A shadow (D:11)
  A vampire (D:10)
  A yak (D:7)
  A human (D:7)
  Menkaure (D:6)
  3 sky beasts
  2 ice beasts
  7 orc warriors
  A necrophage (D:7)
  A phantom (D:6)
  7 ogres
  A centaur (D:10)
  7 bullfrogs
  A gnoll sergeant (D:10)
  A water moccasin zombie (D:5)
  2 scorpions
  6 killer bees
  2 howler monkeys
  7 crimson imps
  A centaur zombie (D:7)
  A gnoll shaman (D:6)
  8 hounds
  2 bullfrog skeletons
  A centaur skeleton (D:8)
  7 orc priests
  19 orc wizards
  Natasha (thrice) (D:3)
  3 iguanas
  7 worker ants
  A hound zombie (D:6)
  A hound skeleton (D:5)
  A worker ant zombie (D:10)
  Robin (D:3)
  9 gnolls
  A howler monkey skeleton (D:7)
  10 adders
  2 shadow imps (D:8)
  An ooze (D:6)
  An adder zombie (D:5)
  3 worms
  A dart slug (D:1)
  5 leopard geckos
  36 orcs
  A ball python (D:2)
  6 giant cockroaches
  13 hobgoblins
  16 jackals
  6 kobolds
  A quokka (D:4)
  9 bats
  4 frilled lizards
  11 goblins
  12 rats
266 creatures vanquished.

Notes
Turn   | Place    | Note
-------+----------+-------------------------------------------
     0 | D:1      | OdinFK the Tengu Air Elementalist began the quest for the
                  | Orb.
     0 | D:1      | Reached XP level 1. HP: 10/10 MP: 4/4
   168 | D:1      | Reached XP level 2. HP: 4/15 MP: 3/6
   172 | D:1      | Learned a level 2 spell: Swiftness
   474 | D:1      | Reached XP level 3. HP: 19/19 MP: 3/7
   980 | D:2      | Found a hazy altar of Hepliaklqana.
  1081 | D:2      | Reached XP level 4. HP: 24/24 MP: 6/8
  1090 | D:2      | Learned a level 4 spell: Airstrike
  1364 | D:2      | Found a burning altar of Makhleb.
  1436 | D:2      | Reached skill level 5 in Air Magic
  1916 | D:3      | Gained mutation: You can fly continuously. [Tengu growth]
  1916 | D:3      | Reached XP level 5. HP: 27/28 MP: 6/10
  1944 | D:3      | Noticed Natasha
  1997 | D:3      | Killed Natasha
  1997 | D:3      | Reached skill level 1 in Short Blades
  2020 | D:3      | Found a stormy altar of Qazlal.
  2153 | D:3      | Noticed Robin
  2185 | D:3      | Killed Robin
  2346 | D:3      | Noticed Natasha
  2348 | D:3      | Killed Natasha
  2437 | D:3      | Noticed Natasha
  2439 | D:3      | Killed Natasha
  2439 | D:3      | Reached XP level 6. HP: 33/33 MP: 3/12
  2480 | D:3      | Learned a level 5 spell: Lightning Bolt
  2525 | D:4      | Reached skill level 1 in Evocations
  2891 | D:4      | Reached skill level 1 in Fighting
  2959 | D:4      | Reached XP level 7. HP: 27/38 MP: 2/15
  3172 | D:4      | Reached skill level 6 in Air Magic
  3491 | D:5      | Entered Level 5 of the Dungeon
  3531 | D:5      | Found an opulent altar of Gozag.
  3532 | D:5      | Found a sparkling altar of Nemelex Xobeh.
  3577 | D:5      | Reached skill level 5 in Spellcasting
  3708 | D:5      | Reached skill level 7 in Air Magic
  3708 | D:5      | Reached XP level 8. HP: 32/43 MP: 0/17
  3806 | D:5      | Found a bloodstained altar of Trog.
  3902 | D:5      | Found a glowing golden altar of the Shining One.
  4104 | D:6      | Found a staircase to the Ecumenical Temple.
  4120 | Temple   | Entered the Ecumenical Temple
  4127 | Temple   | Became a worshipper of Vehumet
  4507 | D:6      | Found a deep blue altar of Sif Muna.
  4846 | D:6      | Reached skill level 8 in Air Magic
  4949 | D:6      | Noticed Menkaure
  5105 | D:6      | Killed Menkaure
  5105 | D:6      | Reached XP level 9. HP: 48/48 MP: 8/21
  5138 | D:6      | Found a blossoming altar of Fedhas.
  5162 | D:6      | Reached * piety under Vehumet
  5162 | D:6      | Offered knowledge of Freeze by Vehumet.
  5272 | D:6      | Found a hide-covered altar of Uskayaw.
  5680 | D:7      | Reached skill level 9 in Air Magic
  5750 | D:7      | Reached skill level 5 in Conjurations
  5871 | D:7      | Found an ornate altar of the Wu Jian Council.
  5877 | D:7      | Found Feseishra's Antique Armour Shop.
  6177 | D:7      | Offered knowledge of Throw Frost by Vehumet.
  6267 | D:7      | Reached ** piety under Vehumet
  6386 | D:7      | Found a sacrificial altar of Ru.
  6739 | D:7      | Reached skill level 10 in Air Magic
  6757 | D:7      | Reached XP level 10. HP: 16/53 MP: 5/23
  6895 | D:7      | Found a glowing silver altar of Zin.
  7030 | D:8      | Noticed Harold
  7035 | D:8      | Killed Harold
  7384 | D:8      | Offered knowledge of Searing Ray by Vehumet.
  7403 | D:8      | Reached skill level 11 in Air Magic
  7685 | D:8      | Reached *** piety under Vehumet
  8148 | D:8      | Offered knowledge of Throw Icicle by Vehumet.
  8164 | D:8      | Learned a level 4 spell: Throw Icicle
  8710 | D:9      | Reached **** piety under Vehumet
  8890 | D:9      | Offered knowledge of Mephitic Cloud by Vehumet.
  9185 | D:9      | Reached skill level 10 in Spellcasting
  9233 | D:9      | Found a basalt altar of Yredelemnul.
  9368 | D:10     | Entered Level 10 of the Dungeon
  9565 | D:10     | Reached skill level 12 in Air Magic
  9622 | D:10     | Noticed a white ugly thing
  9726 | D:10     | Found a transporter.
  9731 | D:10     | Found a transporter.
  9754 | D:10     | Noticed a two-headed ogre
  9756 | D:10     | Noticed Morbidden's ghost (novice GrFi)
  9762 | D:10     | Reached XP level 11. HP: 41/59 MP: 9/26
  9764 | D:10     | Killed a two-headed ogre
 10421 | D:10     | Killed a white ugly thing
 10630 | D:11     | Noticed a cyclops
 10635 | D:11     | Noticed a centaur warrior
 10636 | D:11     | Noticed a red ugly thing
 10636 | D:11     | Noticed a white ugly thing
 10925 | D:11     | Noticed a cyclops
 11442 | D:11     | Slain by a red ugly thing

Skill      XL: |  1  2  3  4  5  6  7  8  9 10 11 |
---------------+----------------------------------+-----
Conjurations   | 2 3 4 6 8 9 |  9.3
Air Magic      | 5 7 8 10 12 | 12.6
Short Blades   | 1 2 3 |  3.0
Spellcasting   | 3 4 5 7 8 10 | 10.5
Evocations     | 1 |  1.3
Dodging        | 3 |  3.9
Fighting       | 1 2 |  2.8
Stealth        | |  2.0

Action                   |  1- 3 |  4- 6 |  7- 9 | 10-12 || total
-------------------------+-------+-------+-------+-------++-------
Melee: Dagger            |    53 |    42 |   152 |   121 ||   368
       Kick              |    10 |    11 |    43 |    24 ||    88
       Peck              |     5 |     8 |    20 |     9 ||    42
 Cast: Shock             |    45 |    53 |    31 |     6 ||   135
       Airstrike         |       |    15 |    95 |   119 ||   229
       Lightning Bolt    |       |       |     8 |    25 ||    33
       Swiftness         |       |       |       |     2 ||     2
 Abil: Fly               |       |     1 |       |       ||     1
Evoke: Wand              |       |       |     5 |     1 ||     6
  Use: Scroll            |       |       |     6 |    10 ||    16
       Potion            |       |       |       |     1 ||     1
 Stab: Sleeping          |     4 |       |     4 |       ||     8
       Paralysed         |       |       |     1 |       ||     1
  Eat: Chunk             |     1 |     9 |    23 |    18 ||    51
       Ration            |       |       |     1 |     3 ||     4
Armor: Robe              |    14 |    13 |    22 |    13 ||    62
Dodge: Dodged            |    33 |    41 |   128 |   116 ||   318
